 Dungeon Sprint DCSS version 0.28-a0-925-gd5e1996cdb (webtiles) character file.

Game seed: 11419212290634479118

95 emperorscorpion the Magician (level 4, -3/31 HPs)
             Began as a Djinni Air Elementalist on Nov 26, 2021.
             Killed from afar by a white imp (6 damage)
             ... with a puff of frost
             ... in the Dungeon (Sprint IX: "|||||||||||||||||||||||||||||").
             The game lasted 00:00:44 (170 turns).

emperorscorpion the Magician (DjAE)                  Turns: 170, Time: 00:00:45

Health: -3/31      AC:  2    Str:  7    XL:     4   Next: 95%
Gold:   0          EV: 13    Int: 17    God:
                   SH:  0    Dex: 14

rFire   + + .      SeeInvis .   (no weapon)
rCold   x . .      Faith    .   (no shield)
rNeg    . . .      Spirit   .   a - +0 robe
rPois   ∞          Reflect  .   (no helmet)
rElec   .          Harm     .   (no cloak)
rCorr   .          Rampage  .   (no gloves)
Will    .....      NoTele   +   (boots unavailable)
Stlth   ++........              (no amulet)
HPRegen 0.10/turn               (no ring)
MPRegen 0.00/turn               (no ring)

@: flying, very slightly contaminated
A: sickness immunity, fire resistance 2, cold vulnerability 1, float, innate
caster, hp casting, extra vitality 1
a: no special abilities


You were in the Dungeon.
You visited 1 branch

Inventory:

Armour
 a - a +0 robe (worn)
Scrolls
 f - a scroll of blinking
Potions
 d - a potion of haste
 e - a potion of berserk rage


   Skills:
 + Level 4.2 Dodging
 + Level 2.8 Stealth
 + Level 6.3 Spellcasting


You had 4 spell levels left.
You knew the following spells:

 Your Spells              Type           Power      Damage    Failure   Level
a - Shock                 Conj/Air       100%       1d9       1%          1
b - Static Discharge      Conj/Air       27%        N/A       1%          2
c - Swiftness             Air            27%        N/A       2%          3
d - Airstrike             Air            13%        N/A       9%          4
e - Animate Skeleton      Necr           54%        N/A       1%          1
Your spell library was empty.

Dungeon Overview and Level Annotations

Branches:
Dungeon (1/1)

Altars:


Innate Abilities, Weirdness & Mutations

You are immune to sickness and miasma.
You are immune to poison.
Your flesh is very heat resistant. (rF++)
You are vulnerable to cold. (rC-)
You float through the air rather than walking.
You learn spells naturally, not from books.
Your magical power is your life essence.
You have superior vitality. (+4 HP)


Message History

* * * LOW HITPOINT WARNING * * *
Unknown command.
Casting: Static Discharge (safe; 4% risk of failure)
Confirm with . or Enter, or press ? or * to list all spells.
The ogre is struck by an arc of lightning.
You kill the ogre!
The lightning grounds out.
* * * LOW HITPOINT WARNING * * *
Your Dodging skill gained 2 levels and is now at level 4!
Your Spellcasting skill gained 2 levels and is now at level 6!
You have reached level 3!
Your experience leads to an increase in your attributes!
Increase (S)trength, (I)ntelligence, or (D)exterity?
You feel clever.
The power to cast Animate Skeleton wells up from within.
Spell assigned to 'e'.
You have reached level 4!
You feel agile.
You feel better.
The white imp sputters.
The orc priest hits you with a +0 vorpal mace.
Casting: Static Discharge (safe; 1% risk of failure)
Confirm with . or Enter, or press ? or * to list all spells.
The orc priest is struck by an arc of lightning.
The orc priest is almost dead.
The lightning grounds out.
* * * LOW HITPOINT WARNING * * *
The white imp grins evilly.
The orc priest hits you with a +0 vorpal mace.
* * * LOW HITPOINT WARNING * * *
x2 Unknown command.
Unknown command.
Casting: Static Discharge (safe; 1% risk of failure)
Confirm with . or Enter, or press ? or * to list all spells.
The orc priest is struck by an arc of lightning!
You kill the orc priest!
You are struck by an arc of lightning.
* * * LOW HITPOINT WARNING * * *
x2 The white imp gestures at you.
The puff of frost hits you.
You feel a terrible chill!
You die...

▓+▓
▓.▓
▓.▓
▓.▓
▓h▓
▓5▓
▓)▓
▓@▓
▓)▓
▓.▓
▓†▓
▓.▓
▓†▓
▓.▓
▓.▓
▓.▓


You could see a black bear and a white imp.

Vanquished Creatures
  An ogre (D)
  An orc priest (D)
  A white imp (D)
  A goblin (D)
  3 hobgoblins (D)
  A ball python (D)
8 creatures vanquished.

Notes
Turn   | Place    | Note
-------+----------+-------------------------------------------
     0 | D        | emperorscorpion the Djinni Air Elementalist began the quest
                  | for the Orb.
     0 | D        | Reached XP level 1. HP: 15/15 MP: 0/0
     7 | D        | Reached skill level 3 in Spellcasting
     9 | D        | Reached XP level 2. HP: 10/21 MP: 0/0
   160 | D        | Noticed a black bear
   160 | D        | Noticed an ogre
   166 | D        | Reached skill level 4 in Spellcasting
   167 | D        | Killed an ogre
   168 | D        | Reached skill level 6 in Spellcasting
   168 | D        | Reached XP level 3. HP: 4/25 MP: 0/0
   168 | D        | Learned a level 1 spell: Animate Skeleton
   168 | D        | Reached XP level 4. HP: 5/31 MP: 0/0
   170 | D        | Killed from afar by a white imp

Illustrated notes

Levels and vault maps discovered:
D:        linesprint [early_d, line_temple, items_1, d_10, items_2, lair_1,
          lair_end, items_3, orc_1, orc_end, items_4, d_15, swamp_1, shoals_1,
          snake_1, spider_1, d_20, vaults_1, items_5, swamp_end, shoals_end,
          snake_end, spider_end, vaults_end, d_27, items_6, zot_1, zot_end,
          crypt_end, forest_end, elf_end, slime_end, tomb_end, abyss_end,
          pan_hell_end]

Skill      XL: |  1  2 |
---------------+-------+-----
Spellcasting   | 3 6 |  6.3
Stealth        | 2 |  2.8
Dodging        | 4 |  4.2

Action                   |  1- 3 |  4- 6 || total
-------------------------+-------+-------++-------
 Cast: Shock             |     5 |       ||     5
       Static Discharge  |     3 |     2 ||     5
  Use: Potion            |     1 |     1 ||     2
Armor: Robe              |     1 |       ||     1
Dodge: Dodged            |     2 |       ||     2

Table legend: (Time is in decaauts)
 A = Elapsed time spent in this place.
 B = Non-inter-level travel time spent in this place.
 C = Inter-level travel time spent in this place.
 D = Time resting spent in this place.
 E = Time spent auto-exploring this place.
 F = Levels seen in this place.
 G = Mean time per level.
                   A        B        C        D        E       F      G
               +--------+--------+--------+--------+--------+-----+--------+
         Total |    170 |    170 |      0 |    145 |      0 |   1 |  170.0 |
       Dungeon |    170 |    170 |      0 |    145 |      0 |   1 |  170.0 |
               +--------+--------+--------+--------+--------+-----+--------+

Top non-repeatable levels by time:
       D: 170 daAuts
